 Dungeon Crawl Stone Soup version 0.31-a0-818-ge7c7cf74f0 (webtiles) character file.

Game seed: 16847551288753655021

29 Essalna the Conjurer (level 3, 24/24 HPs)
             Began as a Demonspawn Conjurer on Sept 23, 2023.
             Got out of the dungeon alive.
             The game lasted 00:01:08 (1012 turns).

Essalna the Conjurer (Demonspawn Conjurer)          Turns: 1012, Time: 00:01:09

Health: 24/24      AC:  4    Str:  7    XL:     3   Next: 1%
Magic:  7/7        EV: 12    Int: 21    God:
Gold:   43         SH:  0    Dex: 11    Spells: 6/7 levels left

rFire   . . .        (no weapon)
rCold   . . .        (no shield)
rNeg    . . .        a - +0 robe
rPois   .            (no helmet)
rElec   .            (no cloak)
rCorr   .            (no gloves)
SInv    .            (no boots)
Will    .....        (no amulet)
Stlth   ++           (no ring)
HPRegen 0.24/turn    (no ring)
MPRegen 0.10/turn

%: no passive effects
@: no status effects
A: icy blue scales 1, foul stench 1
a: no special abilities


You escaped.
You visited 1 branch of the dungeon, and saw 1 of its levels.

You collected 43 gold pieces.

Inventory:

Armour
 a - a +0 robe (worn)
Jewellery
 e - an amulet of regeneration
Scrolls
 d - a scroll of torment {unknown}
 f - 2 scrolls of identify {unknown}
 g - a scroll of noise {unknown}
 i - a scroll of amnesia {unknown}
Potions
 b - a potion of magic
 c - a potion of heal wounds {unknown}
 h - a potion of curing {unknown}


   Skills:
 - Level 1.7 Dodging
 - Level 1.7 Stealth
 + Level 2.7 Spellcasting
 + Level 4.5 Conjurations


You had 6 spell levels left.
You knew the following spells:

 Your Spells              Type           Power      Damage    Failure   Level
a - Magic Dart            Conj           84%        1d7       2%          1

Your spell library contained the following spells:

 Spells                   Type           Power      Damage    Failure   Level
 Searing Ray              Conj           42%        2d6       3%          2
 Dazzling Flash           Conj/Hex       24%        N/A       16%         3
 Fulminant Prism          Conj/Hex       6%         3d6       47%         4
 Iskenderun's Mystic Bla  Conj/Tloc      12%        2d5       47%         4


Dungeon Overview and Level Annotations

Branches:
Dungeon (1/15)

Altars:


Innate Abilities, Weirdness & Mutations

You are partially covered in icy blue scales. (AC +2)
You may rarely emit foul miasma when damaged in melee.


Message History

You open the door. You open the door. You open the door.
A ball python comes into view.
The ball python hisses angrily.
A ball python is nearby!
A ball python is nearby!
A ball python is nearby!
A ball python is nearby!
The magic dart hits the ball python.
You kill the ball python!
You can't see any susceptible monsters within range! (Use Z to cast anyway.)
You can't see any susceptible monsters within range! (Use Z to cast anyway.)
There is an open door here.
A ball python and a bat come into view.
Found a scroll labelled VOSOKHL BYLAUHU.
You see here a ball python corpse.
There are monsters nearby!
There are monsters nearby!
There are monsters nearby!
The magic dart hits the bat.
You kill the bat!
You have reached level 3!
Your experience leads to an increase in your attributes!
Increase (S)trength, (I)ntelligence, or (D)exterity?
You feel clever. x2; Your demonic ancestry asserts itself...
You begin to emit a foul stench of rot and decay.
The magic dart hits the ball python.
You kill the ball python!
You can't see any susceptible monsters within range! (Use Z to cast anyway.)
You can't see any susceptible monsters within range! (Use Z to cast anyway.)
You can't see any susceptible monsters within range! (Use Z to cast anyway.)
i - a scroll labelled VOSOKHL BYLAUHU You see here a ball python corpse.
There is an open door here.
There is an open door here.
You open the door.
There is an open door here.
There is a staircase leading out of the dungeon here.
You have escaped!

....#......#####..##.# #.....#|
..........#.......##.# #####.#.
....###.###.####.###.#########.#.
............###8'8###..........#.
...####.#..##≈~~.~~≈##..########.
#### #.#.##≈≈~...≈≈≈##.########.
#####.###≈~P..8..P≈≈##.........
#.)....#≈~~.......~~≈##########
#.######≈P.8..@..8.P≈# #.#
#≈~~.......~≈~# ###.#
###≈≈P..8..P~≈###
....#####.##~≈~.P.~≈≈##.#
.....).##..##≈≈~.~~≈##..#
######.##...###8'8###...#
#.......## ##.## #.#.#
#.....#.####...# #...#
####..............# #.#####


There were no monsters in sight!

Vanquished Creatures
  A dart slug (D:1)
  2 ball pythons (D:1)
  4 bats (D:1)
  2 endoplasms (D:1)
  A giant cockroach (D:1)
  2 goblins (D:1)
  2 hobgoblins (D:1)
  4 kobolds (D:1)
  2 quokkas (D:1)
  A frilled lizard (D:1)
  3 rats (D:1)
24 creatures vanquished.

Notes
Turn   | Place    | Note
-------+----------+-------------------------------------------
     0 | D:1      | Essalna the Demonspawn Conjurer began the quest for the
                  | Orb.
     0 | D:1      | Reached XP level 1. HP: 13/13 MP: 3/3
   232 | D:1      | Gained mutation: You are partially covered in icy blue
                  | scales. (AC +2) [demonic ancestry]
   232 | D:1      | Reached XP level 2. HP: 19/19 MP: 1/5
   932 | D:1      | Gained mutation: You may rarely emit foul miasma when
                  | damaged in melee. [demonic ancestry]
   932 | D:1      | Reached XP level 3. HP: 24/24 MP: 5/7
  1012 | D:$      | Got out of the dungeon alive.

Illustrated notes

Levels and vault maps discovered:
D:1:      lightli_arrival_statuegarden, layout_loops_ring,
          minmay_misc_feat_more_columns, minmay_door_square, st_stairs_1

Action                     || total
---------------------------++-------
  Melee: Unarmed           ||    14
   Cast: Magic Dart        ||    44
 Armour: Robe              ||     9
  Dodge: Dodged            ||    14

Table legend: (Time is in decaauts)
 A = Elapsed time spent in this place.
 B = Non-inter-level travel time spent in this place.
 C = Inter-level travel time spent in this place.
 D = Time resting spent in this place.
 E = Time spent auto-exploring this place.
 F = Levels seen in this place.
 G = Mean time per level.
                   A        B        C        D        E       F      G
               +--------+--------+--------+--------+--------+-----+--------+
         Total |   1012 |    965 |     47 |      0 |    858 |   1 | 1012.0 |
       Dungeon |   1012 |    965 |     47 |      0 |    858 |   1 | 1012.0 |
               +--------+--------+--------+--------+--------+-----+--------+

Top non-repeatable levels by time:
     D:1: 1012 daAuts
